 Dungeon Crawl Stone Soup version 0.29-a0-643-ga013cefcf8 (webtiles) character file.

Game seed: 10392761881275360664

6408 IdlyInterested the Ducker (level 10, -11/76 HPs)
             Began as a Demonspawn Hedge Wizard on June 19, 2022.
             Mangled by a large slime creature (25 damage)
             ... on level 9 of the Dungeon.
             The game lasted 00:41:19 (11459 turns).

IdlyInterested the Ducker (DsHW)                   Turns: 11459, Time: 00:41:19

Health: -11/76     AC:  6    Str: 16    XL:     10   Next: 66%
Magic:  17/17      EV: 14    Int: 18    God:
Gold:   540        SH:  0    Dex: 13    Spells: 15/19 levels left

rFire   . . .      SeeInvis .   p - +2 dagger (venom)
rCold   . . .      Faith    .   (no shield)
rNeg    + . .      Spirit   .   E - +2 robe {rN+}
rPois   +          Reflect  .   M - +0 helmet
rElec   .          Harm     .   (no cloak)
rCorr   .          Rampage  .   (no gloves)
Will    .....                   I - +0 pair of boots
Stlth   +.........              L - amulet of the acrobat
HPRegen 0.22/turn               i - +6 ring of strength
MPRegen 0.15/turn               x - ring of poison resistance

@: confused, ambrosia-drunk, slowed, very slow
A: powered by death 1, weakness stinger 2, demonic touch 2, fangs 1, dopey 1
a: no special abilities


You were on level 9 of the Dungeon.
You visited 2 branches of the dungeon, and saw 10 of its levels.
You also visited: Sewer.

You collected 636 gold pieces.
You spent 96 gold pieces at shops.

Inventory:

Hand Weapons
 m - a +3 dagger
 o - a +3 dagger
 p - a +2 dagger of venom (weapon)
 F - a +3 dagger of freezing
Missiles
 a - a curare-tipped dart
 l - 16 poisoned darts
 A - 2 silver boomerangs
 C - 8 boomerangs
Armour
 c - a +0 hat
 f - a +0 ring mail
 E - a +2 robe of positive energy (worn)
 I - a +0 pair of boots (worn)
 M - a +0 helmet (worn)
Magical Staves
 n - a staff of cold
Jewellery
 i - a +6 ring of strength (left hand)
 x - a ring of poison resistance (right hand)
 y - a ring of protection from fire
 L - an amulet of the acrobat (around neck)
Wands
 D - a wand of light (5)
 N - a wand of paralysis (3)
Scrolls
 e - 2 scrolls of enchant weapon
 g - 3 scrolls of teleportation
 h - 3 scrolls of vulnerability
 k - 3 scrolls of amnesia
 r - 5 scrolls of identify
 s - 2 scrolls of poison
 u - a scroll of summoning
 v - 5 scrolls of fear
 w - 2 scrolls of silence
 J - 3 scrolls of magic mapping {unknown}
Potions
 b - 2 potions of flight
 d - 3 potions of magic
 j - 3 potions of might
 q - 2 potions of invisibility
 t - a potion of resistance
 z - 2 potions of ambrosia
 B - 4 potions of curing
 G - a potion of brilliance
 H - 2 potions of haste
 K - a potion of lignification


   Skills:
 * Level 5.9 Fighting
 - Level 5.0 Short Blades
 - Level 6.0 Dodging
 - Level 6.0 Stealth
 - Level 5.0 Unarmed Combat
 - Level 5.0 Spellcasting
 * Level 4.7 Conjurations
 - Level 1.0 Summonings
 - Level 0.8 Translocations
 - Level 4.0 Air Magic
 - Level 4.0 Poison Magic
 * Level 3.2 Evocations


You had 15 spell levels left.
You knew the following spells:

 Your Spells              Type           Power      Damage    Failure   Level
a - Magic Dart            Conj           84%        1d7       1%          1
b - Mephitic Cloud        Conj/Pois/Air  19%        N/A       7%          3

Your spell library contained the following spells:

 Spells                   Type           Power      Damage    Failure   Level
 Poisonous Vapours        Pois/Air       36%        N/A       3%          2
 Sting                    Tmut/Pois      44%        1d5       6%          1
 Summon Small Mammal      Summ           32%        N/A       9%          1
 Beastly Appendage        Tmut           8%         N/A       13%         1
 Sandblast                Erth           8%         2d5       13%         1
 Slow                     Hex            16%        N/A       13%         1
 Call Imp                 Summ           8%         N/A       13%         2
 Blink                    Tloc           14%        N/A       14%         2
 Conjure Flame            Conj/Fire      13%        6-21      16%         3
 Dazzling Flash           Conj/Hex       26%        N/A       16%         3
 Stone Arrow              Conj/Erth      26%        3d8       16%         3
 Spider Form              Tmut/Pois      11%        N/A       17%         3
 Passwall                 Tmut/Erth      3%         N/A       21%         2
 Wereblood                Tmut           4%         N/A       21%         2
 Call Canine Familiar     Summ           8%         N/A       26%         3
 Olgreb's Toxic Radiance  Pois           18%        N/A       26%         4
 Gell's Gravitas          Tloc           7%         N/A       28%         3
 Lesser Beckoning         Tloc           7%         N/A       28%         3
 Teleport Other           Tloc           7%         N/A       28%         3
 Portal Projectile        Hex/Tloc       12%        N/A       32%         3
 Summon Guardian Golem    Hex/Summ       6%         N/A       32%         3
 Confusing Touch          Hex            4%         N/A       36%         3
 Ozocubu's Armour         Ice            4%         N/A       36%         3
 Vampiric Draining        Necr           4%         2d6       36%         3
 Iskenderun's Mystic Bla  Conj/Tloc      14%        2d5       38%         4
 Leda's Liquefaction      Hex/Erth       2%         N/A       78%         4
 Metabolic Englaciation   Hex/Ice        2%         N/A       98%         5
 Simulacrum               Ice/Necr       2%         N/A       100%        6
 Starburst                Conj/Fire      6%         6d4       100%        6


Dungeon Overview and Level Annotations

Branches:
Dungeon (9/15)             Temple (1/1) D:5           Sewer (visited)
   Lair: D:8-11         Orc: D:9-12

Altars:
Ashenzari
Cheibriados
Dithmenos
Elyvilon
Fedhas
Gozag
Hepliaklqana
Kikubaaqudgha
Makhleb
Okawaru
Qazlal
Ru
Sif Muna
Trog
Uskayaw
Vehumet
Wu Jian
Xom
Yredelemnul
Zin
The Shining One
Jiyva

Shops:
D:6 *

Annotations:
D:9 petzl's ghost, novice FoAM


Innate Abilities, Weirdness & Mutations

You regenerate a little health from kills.
You have a tail ending in a sharp stinger.
Your touch may inflict irresistible damage on your foes.
You have very sharp teeth.
You are dopey. (Int -2)


Message History

Press: ? - help, Shift-Dir - straight line, f - slime creature, p - slime creature
Aim: a slime creature (lightly wounded, blind, 94% to hit)
The bolt of light hits the jelly!
You kill the jelly!
The bolt of light hits the jelly!!
You kill the jelly!
The bolt of light hits the slime creature!!
The slime creature is heavily wounded.
Petzl's ghost is no longer blind.
The slime creature is no longer blind. x2
The slime creature hits you!
Aiming: Bolt of Light
Press: ? - help, Shift-Dir - straight line, f/p - slime creature
Aim: a slime creature (heavily wounded, 94% to hit)
The bolt of light hits the slime creature!
The slime creature is moderately wounded.
The slime creature is blinded.
The bolt of light hits the slime creature!
The slime creature is severely wounded.
The slime creature is blinded.
The slime creature hits you.
The slime creature quivers.
You hit the slime creature. You tail-slap the slime creature!
You touch the slime creature!
You bite the slime creature.
The slime creature is severely wounded.
The slime creature hits you!!
* * * LOW HITPOINT WARNING * * *
You hit the slime creature. You tail-slap the slime creature.
The slime creature is almost dead.
The slime creature hits you.
* * * LOW HITPOINT WARNING * * *
Petzl's ghost stares at you.
The slime creature completely misses you.
You are confused.
You feel invigorated. The slime creature hits you!
* * * LOW HITPOINT WARNING * * *
The slime creature quivers.
You bump into the rock wall.
The slime creature is no longer blind. x2
The slime creature completely misses you.
Two slime creatures merge to form a large slime creature.
You bump into the rock wall.
The large slime creature hits you!!
You die...

#..........#####.#.....
#..........# #.#.....
######.....# #.#.#.##
#.##### #.#.#... #.#
#...#..# #.# #####...
#.# #.#. #.# #)#. #@#
#.## ###J### #.##
#..W..# #.## #.....#
#.## ##'''## #.#
#.....# #.# #.......#
######.# #.......#
##......# #.......#
#.......##


You could see a large slime creature and petzl's ghost.

Vanquished Creatures
  A two-headed ogre (D:9)
  The ghost of SuperHamster the Conjurer, a novice OpCj (D:5)
  Maurice (D:9)
  2 trolls (D:9)
  2 shadows (D:9)
  6 yaks (D:9)
  2 steam dragons
  Menkaure (D:7)
  2 water moccasins
  An orc warrior (D:7)
  A sky beast (D:8)
  An ice beast (D:6)
  2 ogres (D:5)
  2 centaurs
  2 kobold brigands (Sewer)
  2 scorpions (D:6)
  A gnoll sergeant (D:9)
  A water moccasin zombie (D:5)
  6 wights
  7 killer bees (D:9)
  7 howler monkeys
  A bullfrog zombie (D:5)
  3 jellies
  4 hounds
  3 orc priests
  2 gnoll shamans (D:7)
  2 iguanas (D:5)
  Jessica (D:3)
  A centaur skeleton (D:5)
  7 orc wizards
  A mummy (D:8)
  5 adders
  17 gnolls
  3 river rats
  2 shadow imps
  A white imp (D:5)
  An ufetubus (D:4)
  4 dart slugs
  34 orcs
  11 bats
  6 endoplasms
  4 giant cockroaches
  9 goblins
  4 hobgoblins
  5 jackals
  A quokka (D:4)
  9 ball pythons
  6 frilled lizards
  A hobgoblin zombie (D:8)
  9 kobolds
  3 kobold zombies (D:8)
  10 rats
221 creatures vanquished.

Notes
Turn   | Place    | Note
-------+----------+-------------------------------------------
     0 | D:1      | IdlyInterested the Demonspawn Hedge Wizard began the quest
                  | for the Orb.
     0 | D:1      | Reached XP level 1. HP: 13/13 MP: 4/4
   369 | D:1      | Discovered your monstrous ancestry.
   369 | D:1      | Gained mutation: You have a small tail. [demonic ancestry]
   369 | D:1      | Reached XP level 2. HP: 20/20 MP: 1/6
   466 | D:1      | Reached skill level 1 in Short Blades
   768 | D:1      | Found a faded altar of an unknown god.
  1154 | D:1      | Reached skill level 1 in Fighting
  1353 | D:1      | Gained mutation: Your touch may inflict minor irresistible
                  | damage on your foes. [demonic ancestry]
  1353 | D:1      | Reached XP level 3. HP: 26/26 MP: 7/7
  1599 | D:1      | Gained mutation: You have very sharp teeth. [potion of
                  | mutation]
  1599 | D:1      | Gained mutation: You are dopey. (Int -2) [potion of
                  | mutation]
  1636 | D:1      | Learned a level 3 spell: Mephitic Cloud
  2650 | D:3      | Noticed Jessica
  2661 | D:3      | Killed Jessica
  2662 | D:3      | Reached skill level 1 in Air Magic
  2662 | D:3      | Gained mutation: You regenerate a little health from kills.
                  | [demonic ancestry]
  2662 | D:3      | Reached XP level 4. HP: 18/32 MP: 8/8
  2672 | D:3      | Found a glowing drain.
  2704 | Sewer    | Entered a sewer
  2854 | Sewer    | Noticed a kobold brigand
  2860 | Sewer    | Noticed a kobold brigand
  2868 | Sewer    | Killed a kobold brigand
  2869 | Sewer    | Reached skill level 1 in Poison Magic
  2869 | Sewer    | Reached XP level 5. HP: 6/37 MP: 9/9
  3354 | D:3      | Gained mutation: Your touch may inflict irresistible damage
                  | on your foes. [demonic ancestry]
  3354 | D:3      | Reached XP level 6. HP: 43/43 MP: 10/10
  3562 | D:3      | Found a shadowy altar of Dithmenos.
  3614 | D:3      | Found a shimmering blue altar of Sif Muna.
  4406 | D:4      | Found a shimmering altar of Xom.
  4406 | D:4      | Noticed an angel
  4618 | D:4      | Found a basalt altar of Yredelemnul.
  4925 | D:5      | Entered Level 5 of the Dungeon
  5030 | D:5      | Gained mutation: You have a tail ending in a sharp stinger.
                  | [demonic ancestry]
  5030 | D:5      | Reached XP level 7. HP: 45/51 MP: 9/11
  5314 | D:5      | Found a transporter.
  5316 | D:5      | Noticed SuperHamster's ghost (novice OpCj)
  5573 | D:5      | Found a staircase to the Ecumenical Temple.
  5620 | Temple   | Entered the Ecumenical Temple
  5833 | D:5      | Reached skill level 1 in Unarmed Combat
  6400 | D:5      | Found a transporter.
  6413 | D:5      | Killed SuperHamster's ghost
  6414 | D:5      | Reached XP level 8. HP: 33/58 MP: 12/12
  6661 | D:6      | Reached skill level 5 in Dodging
  7259 | D:6      | Found Duxten's Assorted Antiques.
  7277 | D:6      | Reached XP level 9. HP: 65/65 MP: 11/14
  7294 | D:6      | Bought a glowing robe for 96 gold pieces
  7512 | D:7      | Noticed Menkaure
  7519 | D:7      | Killed Menkaure
  7563 | D:7      | Reached skill level 5 in Stealth
  9185 | D:8      | Reached skill level 5 in Fighting
  9454 | D:8      | Found a hazy altar of Hepliaklqana.
  9463 | D:8      | Found a snail-covered altar of Cheibriados.
  9812 | D:9      | Reached XP level 10. HP: 32/74 MP: 11/16
  9829 | D:9      | Reached skill level 5 in Short Blades
 10159 | D:9      | Noticed a two-headed ogre
 10172 | D:9      | Killed a two-headed ogre
 10306 | D:9      | Reached skill level 5 in Unarmed Combat
 10331 | D:9      | Reached skill level 1 in Evocations
 10786 | D:9      | Reached skill level 5 in Spellcasting
 10839 | D:9      | Noticed Maurice
 10864 | D:9      | Killed Maurice
 10992 | D:9      | Found a runed translucent gate.
 10992 | D:9      | Found a runed translucent gate.
 10992 | D:9      | Found a runed translucent gate.
 10995 | D:9      | Noticed petzl's ghost (novice FoAM)
 11440 | D:9      | Found a viscous altar of Jiyva.
 11457 | D:9      | HP: 2/76 [slime creature (12)]
 11459 | D:9      | Mangled by a large slime creature

Illustrated notes

Levels and vault maps discovered:
D:1:      minmay_arrival_nine_rooms, layout_rooms,
          hellmonk_ecumenical_altar_lost_god, serial_rivers,
          chequers_serial_rivers_room_b, chequers_serial_rivers_small_b,
          chequers_serial_rivers_micro_b, chequers_serial_rivers_small_3,
          chequers_serial_rivers_small_b, st_stairs_13, minmay_pentomino_t2
D:2:      layout_loops_ring, basic_altar, kennysheep_generic_room_15
D:3:      layout_rooms, mainiacjoe_overflow_swirl, portal_sewer_entry_c,
          hex_medium, minmay_misc_feat_enclosed, minmay_unequal, uniq_jessica
D:4:      layout_rooms, grunt_temple_overflow_order_and_chaos_1,
          mainiacjoe_overflow_alcove_1
D:5:      layout_gridville, minmay_temple_entry_butterflies,
          gammafunk_ghost_mausoleum
D:6:      layout_rooms, serial_shops, nicolae_stop_n_shop_2
D:7:      layout_gridville, uniq_menkaure
D:8:      layout_rooms, grunt_temple_overflow_diamond, supply_closet_lemuel,
          minmay_mini_ossuary
D:9:      layout_basic, gammafunk_ghost_ooze, uniq_maurice
Temple:   cyrus_circular_temple

Skill      XL: |  1  2  3  4  5  6  7  8  9 10 |
---------------+-------------------------------+-----
Dodging        | 2 3 4 5 6 |  6.0
Short Blades   | 1 2 3 4 5 |  5.0
Fighting       | 1 2 3 4 5 |  5.9
Air Magic      | 1 3 4 |  4.0
Stealth        | 2 3 4 5 6 |  6.0
Poison Magic   | 1 3 4 |  4.0
Conjurations   | 3 4 |  4.7
Unarmed Combat | 3 4 5 |  5.0
Spellcasting   | 4 5 |  5.0
Evocations     | 3 |  3.2
Summonings     | |  1.0
Translocations | |  0.8

Action                   |  1- 3 |  4- 6 |  7- 9 | 10-12 || total
-------------------------+-------+-------+-------+-------++-------
Melee: Dagger            |   115 |   124 |   305 |    91 ||   635
       Tailslap          |     4 |    17 |    50 |    20 ||    91
       Punch             |     1 |     1 |     5 |     2 ||     9
       Touch             |     4 |    23 |    76 |    22 ||   125
       Bite              |     4 |     9 |    31 |    11 ||    55
Throw: Dart              |       |       |       |     1 ||     1
 Cast: Magic Dart        |    15 |     6 |    30 |    15 ||    66
       Mephitic Cloud    |       |       |    18 |     6 ||    24
Evoke: Wand              |       |       |     1 |     3 ||     4
  Use: Potion            |     8 |     1 |     5 |     1 ||    15
       Scroll            |     5 |     7 |     1 |       ||    13
 Stab: Sleeping          |     1 |     1 |     3 |     1 ||     6
       Confused          |       |       |    10 |     1 ||    11
       Invisible         |       |       |     2 |       ||     2
Armor: Robe              |    26 |    22 |    41 |    14 ||   103
Dodge: Dodged            |    59 |    61 |   151 |    49 ||   320

Table legend: (Time is in decaauts)
 A = Elapsed time spent in this place.
 B = Non-inter-level travel time spent in this place.
 C = Inter-level travel time spent in this place.
 D = Time resting spent in this place.
 E = Time spent auto-exploring this place.
 F = Levels seen in this place.
 G = Mean time per level.
                   A        B        C        D        E       F      G
               +--------+--------+--------+--------+--------+-----+--------+
         Total |  11365 |  11181 |    184 |   3194 |   5862 |  11 | 1033.2 |
       Dungeon |  10744 |  10560 |    184 |   2865 |   5739 |   9 | 1193.8 |
        Temple |     50 |     50 |      0 |      0 |     35 |   1 |   50.0 |
         Sewer |    569 |    569 |      0 |    329 |     87 |   1 |  569.0 |
               +--------+--------+--------+--------+--------+-----+--------+

Top non-repeatable levels by time:
     D:9: 1787 daAuts
     D:1: 1651 daAuts
     D:5: 1578 daAuts
     D:7: 1380 daAuts
     D:2: 976 daAuts
     D:3: 933 daAuts
     D:6: 895 daAuts
     D:4: 794 daAuts
     D:8: 747 daAuts
   Sewer: 569 daAuts
  Temple: 50 daAuts
